 Dungeon Crawl Stone Soup version 0.30-a0-390-g80c34de65d (webtiles) character file.

Game seed: 511788835573873584

277 arthad the Trooper (level 6, 0/39 HPs)
             Began as a Gargoyle Fighter on Dec 4, 2022.
             Slain by an orc wizard
             ... wielding a +0 dagger
              (3 damage)
             ... on level 4 of the Dungeon.
             The game lasted 00:06:33 (2074 turns).

arthad the Trooper (Gargoyle Fighter)               Turns: 2074, Time: 00:06:36

Health: 0/39       AC: 13    Str: 22    XL:     6   Next: 26%
Magic:  6/6        EV:  9    Int:  8    God:
Gold:   153        SH:  5    Dex:  9    Spells: 5/5 levels left

rFire   + . .      SeeInvis +    a - +0 flail
rCold   + . .      Faith    .    c - +1 buckler
rNeg    + . .      Spirit   .    b - +0 scale mail
rPois   ∞          Reflect  .    n - +2 hat
rElec   +          Harm     .    h - scarf {rC+ rF+}
rCorr   .          Rampage  .    (no gloves)
Will    .....                    (no boots)
Stlth   ..........               s - amulet of magic regeneration
HPRegen 0.26/turn                A - ring of see invisible
MPRegen 0.50/turn                (no ring)

@: studying Ranged Weapons
A: sickness immunity, AC +4, negative energy resistance 1, electricity
resistance, torment resistance 1, petrification resistance
a: no special abilities


You were on level 4 of the Dungeon.
You visited 1 branch of the dungeon, and saw 4 of its levels.

You collected 153 gold pieces.

Inventory:

Hand Weapons
 a - a +0 flail (weapon)
 m - a +0 battleaxe
Missiles
 o - 12 poisoned darts (quivered)
Armour
 b - a +0 scale mail (worn)
 c - a +1 buckler (worn)
 h - a scarf of resistance (worn)
 n - a +2 hat (worn)
 t - a +0 cloak
 y - a +0 helmet
Jewellery
 s - an amulet of magic regeneration (around neck)
 A - a ring of see invisible (left hand)
Wands
 l - a wand of mindburst (7)
 q - a wand of flame (20)
 v - a wand of light (5)
Scrolls
 k - 2 scrolls of enchant armour
 x - 2 scrolls of magic mapping {unknown}
 B - a scroll of identify
Potions
 d - a potion of might
 e - a potion of resistance
 f - 2 potions of lignification {unknown}
 g - 4 potions of curing {unknown}
 i - a potion of haste {unknown}
 j - a potion of invisibility {unknown}
 p - a potion of brilliance {unknown}
 r - 3 potions of flight {unknown}
 z - a potion of mutation {unknown}


   Skills:
 * Level 4.7 Fighting
 * Level 3.5 Maces & Flails
 + Level 4.3 Armour
 + Level 0.8 Dodging
 + Level 4.2 Shields
 + Level 1.1 Evocations


You had 5 spell levels left.
You didn't know any spells.
Your spell library contained the following spells:

 Spells                   Type           Power      Damage    Failure   Level
 Apportation              Tloc           0%         N/A       82%         1
 Ensorcelled Hibernation  Hex/Ice        0%         N/A       91%         2
 Passwall                 Tmut/Erth      0%         N/A       91%         2
 Swiftness                Air            0%         N/A       99%         3
 Alistair's Intoxication  Tmut/Pois      0%         N/A       100%        5


Dungeon Overview and Level Annotations

Branches:
Dungeon (4/15)
 Temple: D:4-7

Altars:

Shops:
D:3 :

Annotations:
D:4 Natasha


Innate Abilities, Weirdness & Mutations

You are immune to sickness and miasma.
Your stone body is resilient. (AC +4)
You are immune to poison.
You resist negative energy. (rN+)
You are resistant to electric shocks. (rElec)
You are resistant to unholy torment.
You are immune to petrification.


Message History

The orc hits you with a +0 flail. The orc barely misses you.
The shadow imp hits you but does no damage.
You block the hobgoblin's attack. You block the orc priest's attack.
The orc hits you but does no damage. Natasha claws you but does no damage.
You hit the orc wizard but do no damage.
You block the shadow imp's attack. The hobgoblin hits you.
The orc wizard hits you but does no damage.
The orc priest hits you but does no damage.
The orc hits you but does no damage. Natasha closely misses you.
You closely miss the orc wizard. The shadow imp barely misses you.
The orc wizard hits you but does no damage.
The orc priest mumbles some strange prayers to Beogh against you.
Beogh smites you!
* * * LOW HITPOINT WARNING * * *
You block the orc's attack. You block the hobgoblin's attack.
Natasha barely misses you. The shadow imp gestures at you.
Pain shoots through your body!
* * * LOW HITPOINT WARNING * * *
Unknown command.
Unknown command.
Okay, then.
Okay, then.
The air fills with toxic fumes!
As you read the scroll labelled GAOFUXK CAIM, it crumbles to dust.
It was a scroll of poison.
The orc wizard points at you and mumbles some strange words.
You resist with some effort.
The hobgoblin hits you but does no damage.
The orc priest hits you but does no damage.
The orc closely misses you. Natasha barely misses you.
The shadow imp hits you but does no damage.
Unknown command.
As you read the scroll labelled REALUD EBOQU, it crumbles to dust.
You hear a loud clanging noise!
It was a scroll of noise.
You hear a shout!
You hear a bark! x2; You hear a shout!
You hear an angry hiss.
You hear a shout! x6
The orc wizard hits you with a +0 dagger.
You die...

..# .#
§§§§§##§§..###.##.
§§§§§§#§§.§§#.....
§§§§§§§§##§§......
#§§§§§§§#§§.....
§§§§§§§§§§....
§§§§§§§oJ#..#
§§§§§§og##§§#§#
§§§§§oo@o§§§§§#
§§§§§§h5§§§§§##
§§§§§§§§§§§§§§#
§§§§§§§§§§§§§§§.#
§§§§§§§§§§§##§§...
§§§§§§§§§#§§ .§#..
§#§§§§§§###§§.##..
§§§§§§§# §§#


You could see an orc priest, an orc wizard (invisible), Natasha, a shadow imp
(summoned), 3 orcs, an endoplasm and a hobgoblin.

Vanquished Creatures
  Sigmund (D:3)
  4 adders
  A worm (D:2)
  2 dart slugs (D:1)
  9 ball pythons
  3 endoplasms
  A giant cockroach (D:3)
  4 goblins
  7 hobgoblins
  2 jackals (D:2)
  5 kobolds
  9 bats
  5 frilled lizards
  7 rats
60 creatures vanquished.

Notes
Turn   | Place    | Note
-------+----------+-------------------------------------------
     0 | D:1      | arthad the Gargoyle Fighter began the quest for the Orb.
     0 | D:1      | Reached XP level 1. HP: 14/14 MP: 1/1
    97 | D:1      | Reached XP level 2. HP: 19/19 MP: 2/2
   309 | D:1      | Reached XP level 3. HP: 22/23 MP: 3/3
  1170 | D:2      | Reached XP level 4. HP: 29/29 MP: 4/4
  1383 | D:3      | Found Iteenoll's Vocational Training.
  1424 | D:3      | Found a faded altar of an unknown god.
  1743 | D:3      | Noticed Sigmund
  1749 | D:3      | Killed Sigmund
  1750 | D:3      | Reached skill level 1 in Evocations
  1750 | D:3      | Reached XP level 5. HP: 27/34 MP: 5/5
  1750 | D:3      | Reached XP level 6. HP: 31/39 MP: 6/6
  2066 | D:4      | Noticed Natasha
  2074 | D:4      | Slain by an orc wizard

Illustrated notes

Levels and vault maps discovered:
D:1:      zelgadis_glass_arrival_small, layout_loops_ring
D:2:      kennysheep_big_flooded_room, layout_rooms, kennysheep_potato
D:3:      layout_basic, hellmonk_ecumenical_altar_lost_god,
          nicolae_shop_vocational, uniq_sigmund
D:4:      layout_cave_pools, nicolae_yredelemnul_corpse_copse, uniq_eustachio,
          uniq_natasha, uniq_ijyb

Skill      XL: |  1  2  3  4 |
---------------+-------------+-----
Fighting       | 4 |  4.7
Shields        | 4 |  4.2
Armour         | 4 |  4.3
Maces & Flails | 3 |  3.5
Evocations     | 1 |  1.1
Dodging        | |  0.8

Action                   |  1- 3 |  4- 6 || total
-------------------------+-------+-------++-------
Melee: Flail             |   140 |    68 ||   208
Evoke: Wand              |       |     5 ||     5
  Use: Scroll            |       |     6 ||     6
Armor: Scale mail        |   106 |    56 ||   162
Dodge: Dodged            |    78 |    49 ||   127
Block: Buckler           |    30 |    19 ||    49

Table legend: (Time is in decaauts)
 A = Elapsed time spent in this place.
 B = Non-inter-level travel time spent in this place.
 C = Inter-level travel time spent in this place.
 D = Time resting spent in this place.
 E = Time spent auto-exploring this place.
 F = Levels seen in this place.
 G = Mean time per level.
                   A        B        C        D        E       F      G
               +--------+--------+--------+--------+--------+-----+--------+
         Total |   2148 |   2117 |     31 |      0 |   1512 |   4 |  537.0 |
       Dungeon |   2148 |   2117 |     31 |      0 |   1512 |   4 |  537.0 |
               +--------+--------+--------+--------+--------+-----+--------+

Top non-repeatable levels by time:
     D:1: 806 daAuts
     D:3: 784 daAuts
     D:2: 543 daAuts
     D:4: 13 daAuts
